 Dungeon Crawl Stone Soup version 0.30-a0-39-g42789b21ef (webtiles) character file.

Game seed: 2153106914518877394

38650 pokeman the Eclecticist (level 13, -3/72 HPs)
             Began as a Deep Elf Hedge Wizard on Aug 28, 2022.
             Was a Priest of Vehumet.
             Slain by a cyan ugly thing (15 damage)
             ... on level 15 of the Dungeon.
             The game lasted 00:51:44 (21861 turns).

pokeman the Eclecticist (Deep Elf Hedge Wizard)    Turns: 21861, Time: 00:51:44

Health: -3/72      AC:  9    Str:  7    XL:     13   Next: 65%
Magic:  28/56      EV: 11    Int: 25    God:    Vehumet [***...]
Gold:   788        SH:  5    Dex: 14    Spells: 32/51 levels left

rFire   + . .      SeeInvis .    A - +8 hand axe of Freezing Integrity {vorpal, MP+9}
rCold   + . .      Faith    .    M - +0 buckler
rNeg    . . .      Spirit   .    z - +2 leather armour {rC+}
rPois   .          Reflect  .    c - +0 hat
rElec   .          Harm     .    I - scarf {repulsion}
rCorr   .          Rampage  .    Z - +1 pair of gloves
Will    +....                    r - +0 pair of boots
Stlth   ++........               X - amulet of magic regeneration
HPRegen 0.22/turn                L - ring of protection from fire
MPRegen 0.75/turn                E - ring of magical power

@: repel missiles
A: no striking features
a: Renounce Religion


You were on level 15 of the Dungeon.
You worshipped Vehumet.
Vehumet was most pleased with you.
You visited 2 branches of the dungeon, and saw 16 of its levels.

You collected 956 gold pieces.
You spent 168 gold pieces at shops.

Inventory:

Hand Weapons
 q - a +0 arbalest
 A - the +8 hand axe of Freezing Integrity (weapon) {vorpal, MP+9}
   (You bought it in a shop on level 6 of the Dungeon)

   It inflicts extra damage upon your enemies.
   MP:        It affects your magic capacity (+9).
Armour
 c - a +0 hat (worn)
 r - a +0 pair of boots (worn)
 z - a +2 leather armour of cold resistance (worn)
 I - a scarf of repulsion (worn)
 M - a +0 buckler (worn)
 Z - a +1 pair of gloves (worn)
Jewellery
 E - a ring of magical power (right hand)
 L - a ring of protection from fire (left hand)
 W - a ring of protection from cold
 X - an amulet of magic regeneration (around neck)
Scrolls
 a - 3 scrolls of magic mapping
 p - a scroll of fog {unknown}
 t - 4 scrolls of immolation {unknown}
 u - 4 scrolls of enchant weapon {unknown}
 C - 8 scrolls of teleportation
 G - 3 scrolls of enchant armour {unknown}
 J - 2 scrolls of vulnerability {unknown}
 N - a scroll of acquirement {unknown}
Potions
 d - 3 potions of magic
 i - 6 potions of curing
 D - 3 potions of haste
 F - 5 potions of heal wounds
Miscellaneous
 s - a phantom mirror
 y - a piece from Xom's chessboard (15/15)


   Skills:
 + Level 4.8 Fighting
 - Level 5.0 Armour
 - Level 3.0 Dodging
 - Level 3.0 Stealth
 - Level 5.1 Shields
 * Level 19.5 Spellcasting
 + Level 11.8 Conjurations
 - Level 1.1 Summonings
 - Level 1.1 Translocations
 + Level 11.4 Fire Magic
 - Level 1.0 Air Magic
 - Level 1.1 Earth Magic
 - Level 1.1 Poison Magic
 - Level 1.1 Evocations


You had 32 spell levels left.
You knew the following spells:

 Your Spells              Type           Power      Damage    Failure   Level
a - Magic Dart            Conj           100%       1d8       1%          1
b - Mephitic Cloud        Conj/Pois/Air  47%        N/A       1%          3
c - Call Imp              Summ           29%        N/A       3%          2
d - Blink                 Tloc           58%        N/A       3%          2
e - Conjure Flame         Conj/Fire      70%        6-21      1%          3
f - Fireball              Conj/Fire      35%        3d15      1%          5
g - Stone Arrow           Conj/Erth      100%       3d13      1%          3

Your spell library contained the following spells:

 Spells                   Type           Power      Damage    Failure   Level
 Sandblast                Erth           58%        2d13      1%          1
 Poisonous Vapours        Pois/Air       58%        N/A       1%          2
 Searing Ray              Conj           100%       2d8       1%          2
 Dazzling Flash           Conj/Hex       100%       N/A       1%          3
 Fulminant Prism          Conj/Hex       26%        3d14      1%          4
 Necrotise                Necr           96%        1d8       3%          1
 Slow                     Hex            96%        N/A       3%          1
 Passwall                 Tmut/Erth      22%        N/A       4%          2
 Call Canine Familiar     Summ           29%        N/A       7%          3
 Vampiric Draining        Necr           24%        2d7       11%         3
 Lee's Rapid Deconstruct  Erth           14%        3d10*     16%         5
 Summon Lightning Spire   Summ/Air       29%        N/A       22%         4
 Corpse Rot               Necr/Pois/Air  27%        N/A       26%         4
 Leda's Liquefaction      Hex/Erth       13%        N/A       26%         4
 Dispel Undead            Necr           24%        3d12      34%         4
 Silence                  Hex/Air        13%        N/A       61%         5
 Agony                    Necr           24%        N/A       67%         5
 Death Channel            Necr           12%        N/A       99%         6
 Statue Form              Tmut/Erth      18%        N/A       99%         6


Dungeon Overview and Level Annotations

Branches:
Dungeon (15/15)            Temple (1/1) D:4            Lair (0/5) D:11
    Orc (0/2) D:12         Vaults (0/5) D:14
 Depths: D:15

Altars:
Ashenzari
Cheibriados
Dithmenos
Elyvilon
Fedhas
Gozag
Hepliaklqana
Kikubaaqudgha
Makhleb
Nemelex Xobeh
Okawaru
Qazlal
Ru
Sif Muna
Trog
Uskayaw
Vehumet
Wu Jian
Xom
Yredelemnul
Zin
The Shining One

Shops:
D:6 (


Message History

Casting: Fireball (mildly dangerous; 1% risk of failure)
Confirm with . or Enter, or press ? or * to list all spells.
Aiming: Mephitic Cloud (safe; 1% risk of failure)
Press: ? - help, Shift-Dir - straight line, f - cyan ugly thing
Aim: a cyan ugly thing (chance to affect: 43%)
The ball explodes into a vile cloud!
The stinking cloud engulfs the cyan ugly thing but does no damage.
The cyan ugly thing is engulfed in noxious fumes.
Unknown command.
Unknown command.
Casting: Mephitic Cloud (safe; 1% risk of failure)
Confirm with . or Enter, or press ? or * to list all spells.
Aiming: Fireball (mildly dangerous; 1% risk of failure)
Press: ? - help, Shift-Dir - straight line, p - cyan ugly thing The fireball explodes!
The fireball engulfs the cyan ugly thing!!
The cyan ugly thing is moderately wounded.
The fireball engulfs the brown ugly thing!
The brown ugly thing is moderately wounded.
The brown ugly thing is engulfed in noxious fumes.
The brown ugly thing appears confused.
The cyan ugly thing is engulfed in noxious fumes.
The cyan ugly thing tail-slaps you! The cyan ugly thing shocks you!
Unknown command.
Casting: Fireball (mildly dangerous; 1% risk of failure)
Confirm with . or Enter, or press ? or * to list all spells.
Aiming: Fireball (mildly dangerous; 1% risk of failure)
Press: ? - help, Shift-Dir - straight line, f - brown ugly thing
Aim: a brown ugly thing (noxious fumes, moderately wounded, confused)
The fireball explodes!
The fireball engulfs the brown ugly thing!!
The brown ugly thing is severely wounded.
The fireball engulfs the cyan ugly thing!
The cyan ugly thing is heavily wounded.
The brown ugly thing is engulfed in noxious fumes.
The cyan ugly thing is engulfed in noxious fumes.
The cyan ugly thing tail-slaps you!
* * * LOW HITPOINT WARNING * * *
The cyan ugly thing shocks you!
You die...

#[..###~~~~#####~~~~~~~~~##
........#.#####~~~~~~~~~#####~~~~
#######..###.######~~~### #~~##
#.## #.# #.############~~~# #.#
#.# #.## #~~~~~#### ### #.#
#..##########~~~~~
#.###..~~~~~~#######~~
#....#.###~~~~~~~~~~#~
###.##@################
#.....u....... #######°####.. u#
.# .. .# .####.# ..#######..o....


You could see 2 ugly things.

Vanquished Creatures
  Jorgrun (D:12)
  A minotaur (shapeshifter) (D:14)
  A rakshasa (D:14)
  3 boulder beetles
  2 vault guards (D:14)
  4 hydras
  2 tengu warriors (D:13)
  5 centaur warriors
  2 skeletal warriors (D:15)
  A wizard (D:14)
  A necromancer (D:14)
  Pikel (D:8)
  2 deep elf pyromancers (D:14)
  6 ugly things
  2 manticores (D:14)
  4 cyclopes
  A cane toad (shapeshifter) (D:13)
  3 gargoyles
  3 kobold demonologists (D:12)
  3 meliai (D:13)
  11 hornets (D:10)
  A hornet (shapeshifter) (D:14)
  3 slime creatures (D:14)
  20 humans (D:14)
  20 yaks
  A wraith (D:11)
  A basilisk (D:12)
  7 vampire mosquitoes
  A warg (D:12)
  An acid dragon (D:14)
  A water moccasin (D:7)
  A black bear (D:7)
  Duvessa (D:5)
  6 orc warriors
  3 ice beasts
  15 centaurs
  7 kobold brigands
  A bullfrog (D:7)
  2 scorpions
  2 gnoll sergeants
  4 wights (D:7)
  Dowan (D:5)
  29 killer bees
  3 howler monkeys
  5 hounds
  3 jellies
  8 orc priests
  A gnoll bouda (D:7)
  3 iguanas
  Ijyb (D:5)
  Natasha (thrice) (D:2)
  5 orc wizards
  7 adders
  15 gnolls
  2 ufetubi
  6 worms
  28 orcs
  7 bats
  8 endoplasms
  5 giant cockroaches
  10 goblins
  8 hobgoblins
  4 jackals
  30 kobolds
  4 quokkas
  9 ball pythons
  13 frilled lizards
  8 rats
383 creatures vanquished.

Vanquished Creatures (collateral kills)
  A killer bee (D:9)
  An orc (D:7)
2 creatures vanquished.

Vanquished Creatures (others)
  A hornet (D:9)
  An orc wizard (D:4)
  4 plants (D:5)
6 creatures vanquished.

Grand Total: 391 creatures vanquished

Notes
Turn   | Place    | Note
-------+----------+-------------------------------------------
     0 | D:1      | pokeman the Deep Elf Hedge Wizard began the quest for the
                  | Orb.
     0 | D:1      | Reached XP level 1. HP: 10/10 MP: 7/7
   300 | D:1      | Reached XP level 2. HP: 16/16 MP: 4/9
   570 | D:1      | Found a faded altar of an unknown god.
   921 | D:1      | Reached skill level 5 in Spellcasting
  1073 | D:1      | Reached XP level 3. HP: 20/20 MP: 8/11
  1077 | D:1      | Learned a level 3 spell: Mephitic Cloud
  1080 | D:1      | Learned a level 2 spell: Call Imp
  1083 | D:1      | Learned a level 2 spell: Blink
  1087 | D:1      | Learned a level 3 spell: Conjure Flame
  1630 | D:1      | Reached skill level 1 in Armour
  1733 | D:2      | Reached skill level 1 in Fighting
  1811 | D:2      | Noticed Natasha
  1820 | D:2      | Killed Natasha
  1821 | D:2      | Reached XP level 4. HP: 18/25 MP: 8/13
  2615 | D:2      | Reached skill level 6 in Spellcasting
  2615 | D:2      | Reached XP level 5. HP: 28/29 MP: 5/15
  3010 | D:2      | Noticed Natasha
  3020 | D:2      | Killed Natasha
  3207 | D:2      | Noticed Natasha
  3216 | D:2      | Killed Natasha
  3217 | D:2      | Reached skill level 1 in Evocations
  3328 | D:3      | Reached skill level 1 in Fire Magic
  4105 | D:4      | Got the Secrets of the Fifty Leylines
  4112 | D:4      | Learned a level 5 spell: Fireball
  4179 | D:4      | Reached XP level 6. HP: 34/34 MP: 9/17
  4376 | D:4      | Found a staircase to the Ecumenical Temple.
  4385 | D:4      | Reached skill level 1 in Poison Magic
  4391 | Temple   | Entered the Ecumenical Temple
  4949 | D:4      | Reached skill level 1 in Air Magic
  5153 | D:4      | Reached skill level 7 in Spellcasting
  5693 | D:5      | Entered Level 5 of the Dungeon
  5738 | D:5      | Noticed an ice beast
  5765 | D:5      | Reached XP level 7. HP: 14/38 MP: 14/20
  5788 | D:5      | Reached skill level 8 in Spellcasting
  6000 | D:5      | Noticed Duvessa
  6002 | D:5      | Noticed Dowan
  6092 | D:5      | Killed Dowan
  6228 | D:5      | Killed Duvessa
  6656 | D:5      | Noticed Ijyb
  6669 | D:5      | Killed Ijyb
  6950 | D:6      | Found Uffeq's Antique Weapon Shop.
  6953 | D:6      | Bought a translucent hand axe for 168 gold pieces
  6953 | D:6      | Identified the +8 hand axe of Freezing Integrity {vorpal,
                  | MP+9} (You bought it in a shop on level 6 of the Dungeon)
  6981 | D:6      | Reached XP level 8. HP: 44/44 MP: 15/22
  6995 | D:6      | Reached skill level 9 in Spellcasting
  7652 | D:7      | Reached skill level 5 in Conjurations
  7935 | D:7      | Reached skill level 10 in Spellcasting
  8578 | D:7      | Reached XP level 9. HP: 45/48 MP: 16/25
  8951 | D:7      | Reached skill level 11 in Spellcasting
  8951 | D:7      | Reached skill level 5 in Fire Magic
  9794 | D:8      | Noticed Pikel
  9803 | D:8      | Killed Pikel
  9836 | D:8      | Reached skill level 12 in Spellcasting
 10524 | D:9      | Reached XP level 10. HP: 44/56 MP: 28/28
 10750 | D:9      | Reached skill level 13 in Spellcasting
 11393 | D:9      | Found a radiant altar of Vehumet.
 11397 | D:9      | Became a worshipper of Vehumet
 11465 | D:9      | Found a stormy altar of Qazlal.
 11618 | D:10     | Entered Level 10 of the Dungeon
 12054 | D:10     | Noticed a gargoyle
 12116 | D:10     | Killed a gargoyle
 12117 | D:10     | Reached skill level 14 in Spellcasting
 12314 | D:10     | HP: 2/56 [vampire mosquito (8)]
 12787 | D:10     | Reached XP level 11. HP: 35/61 MP: 27/31
 13039 | D:10     | Reached * piety under Vehumet
 13039 | D:10     | Offered knowledge of Shock by Vehumet.
 13278 | D:10     | Reached skill level 15 in Spellcasting
 13948 | D:11     | Found a staircase to the Lair.
 13986 | D:11     | Reached skill level 5 in Armour
 14328 | D:11     | Found a blossoming altar of Fedhas.
 14411 | D:11     | Identified the +6 mace of the Boiling Point {freeze, Dex+4}
 14473 | D:11     | Reached ** piety under Vehumet
 14473 | D:11     | Offered knowledge of Scorch by Vehumet.
 14811 | D:11     | Reached skill level 1 in Shields
 15194 | D:12     | Found a staircase to the Orcish Mines.
 15459 | D:12     | Noticed a red ugly thing
 15580 | D:12     | Killed a red ugly thing
 15775 | D:12     | Noticed a four-headed hydra
 15780 | D:12     | Killed a four-headed hydra
 15781 | D:12     | Reached skill level 16 in Spellcasting
 16105 | D:12     | Noticed a five-headed hydra
 16108 | D:12     | Killed a five-headed hydra
 16142 | D:12     | Reached XP level 12. HP: 66/66 MP: 18/34
 16564 | D:12     | Noticed Jorgrun
 16575 | D:12     | Killed Jorgrun
 16576 | D:12     | Reached skill level 10 in Conjurations
 16946 | D:13     | Noticed a centaur warrior
 16946 | D:13     | Noticed a tengu warrior
 16946 | D:13     | Noticed a tengu warrior
 16952 | D:13     | Killed a centaur warrior
 16953 | D:13     | Reached skill level 17 in Spellcasting
 16954 | D:13     | Killed a tengu warrior
 16956 | D:13     | Killed a tengu warrior
 16964 | D:13     | Noticed a boulder beetle
 17122 | D:13     | Noticed a four-headed hydra
 17126 | D:13     | Noticed a centaur warrior
 17129 | D:13     | Killed a four-headed hydra
 17140 | D:13     | Killed a centaur warrior
 17141 | D:13     | Reached skill level 10 in Fire Magic
 17358 | D:13     | Noticed a centaur warrior
 17932 | D:13     | Killed a centaur warrior
 18537 | D:13     | Killed a boulder beetle
 18676 | D:14     | Noticed a centaur warrior
 18789 | D:14     | Reached skill level 18 in Spellcasting
 18793 | D:14     | Killed a centaur warrior
 18808 | D:14     | Offered knowledge of Inner Flame by Vehumet.
 19047 | D:14     | Reached *** piety under Vehumet
 19048 | D:14     | Reached XP level 13. HP: 70/70 MP: 6/37
 19498 | D:14     | Found a transporter.
 19550 | D:14     | Reached skill level 5 in Shields
 19649 | D:14     | Offered knowledge of Stone Arrow by Vehumet.
 19656 | D:14     | Learned a level 3 spell: Stone Arrow
 19804 | D:14     | Reached skill level 1 in Earth Magic
 19824 | D:14     | Noticed a frost giant
 19900 | D:14     | Reached skill level 19 in Spellcasting
 20033 | D:14     | Found an ornate altar of the Wu Jian Council.
 20196 | D:14     | Noticed a minotaur
 20201 | D:14     | Killed a minotaur
 20423 | D:14     | Identified the +5 chain mail "Noug" {rPois Int+4 Stlth+}
 20464 | D:14     | Found a gate to the Vaults.
 20761 | D:15     | Entered Level 15 of the Dungeon
 21861 | D:15     | Slain by a cyan ugly thing

Illustrated notes

Levels and vault maps discovered:
D:1:      wheals_arrival_linesprint, layout_basic, ebering_ecumenical_altar_mist
D:2:      layout_basic, minmay_pentomino_s4, uniq_natasha
D:3:      layout_basic
D:4:      layout_layer_cave, minmay_temple_entry_proselytizer
D:5:      layout_rooms, hangedman_decor_peaks_small, fountainhead,
          minmay_lizard_king, uniq_duvessa, uniq_ijyb
D:6:      layout_rooms, serial_shops, nicolae_stop_n_shop_2
D:7:      layout_basic, nicolae_benzene_ring
D:8:      layout_cave_pools, uniq_pikel
D:9:      layout_roguey, mainiacjoe_overflow_big_doors
D:10:     layout_roguey, hex_tiny, hive_lemuel
D:11:     layout_stronghold, lair_entry_dummy, fedhas_altar_fruit_tree
D:12:     layout_stronghold, david_orc_1_choice, minivault_10, uniq_jorgrun
D:13:     layout_basic
D:14:     layout_gridville, grunt_vaults_entry_tiered,
          nicolae_wu_jian_wuxing_cycle, nicolae_diode_basic
D:15:     hangedman_depths_entry_civil_slaughter, layout_loops_ring,
          chequers_serial_rivers_large_b, hangedman_aviary
Temple:   mainiacjoe_temple_big_plus

Skill      XL: |  1  2  3  4  5  6  7  8  9 10 11 12 13 |
---------------+----------------------------------------+-----
Spellcasting   | 5 6 7 8 10 12 14 16 18 19 | 19.5
Armour         | 1 3 4 5 |  5.0
Fighting       | 1 2 3 4 |  4.8
Conjurations   | 2 3 4 5 7 8 9 11 | 11.8
Stealth        | 3 |  3.0
Dodging        | 3 |  3.0
Evocations     | 1 |  1.1
Fire Magic     | 1 2 3 4 6 7 9 10 11 | 11.4
Poison Magic   | 1 |  1.1
Air Magic      | 1 |  1.0
Shields        | 2 4 5 |  5.1
Earth Magic    | 1 |  1.1
Summonings     | |  1.1
Translocations | |  1.1

Action                   |  1- 3 |  4- 6 |  7- 9 | 10-12 | 13-15 || total
-------------------------+-------+-------+-------+-------+-------++-------
Melee: Dagger            |    15 |    38 |    20 |       |       ||    73
       Punch             |       |     1 |     3 |     1 |       ||     5
       Hand axe          |       |       |    87 |    70 |       ||   157
 Fire: Arbalest          |       |       |    20 |       |       ||    20
 Cast: Magic Dart        |    85 |   123 |   152 |    32 |       ||   392
       Mephitic Cloud    |     1 |    10 |    37 |    30 |     7 ||    85
       Conjure Flame     |       |     2 |    19 |    16 |     1 ||    38
       Call Imp          |       |       |     2 |     1 |       ||     3
       Blink             |       |       |     1 |    17 |       ||    18
       Fireball          |       |       |       |   180 |    87 ||   267
Evoke: Wand              |       |       |       |     7 |       ||     7
  Use: Scroll            |       |       |       |    14 |     2 ||    16
 Stab: Confused          |     1 |     2 |    14 |     6 |       ||    23
Armor: Robe              |     1 |       |       |       |       ||     1
       Leather armour    |     3 |     6 |    13 |    13 |     5 ||    40
Dodge: Dodged            |    15 |    26 |    77 |    75 |     9 ||   202
       Repelled          |       |       |       |     1 |       ||     1
Block: Buckler           |       |       |       |     2 |     1 ||     3

Table legend: (Time is in decaauts)
 A = Elapsed time spent in this place.
 B = Non-inter-level travel time spent in this place.
 C = Inter-level travel time spent in this place.
 D = Time resting spent in this place.
 E = Time spent auto-exploring this place.
 F = Levels seen in this place.
 G = Mean time per level.
                   A        B        C        D        E       F      G
               +--------+--------+--------+--------+--------+-----+--------+
         Total |  21978 |  20308 |   1670 |   2924 |  14275 |  16 | 1373.6 |
       Dungeon |  21496 |  19854 |   1642 |   2924 |  13864 |  15 | 1433.1 |
        Temple |    481 |    453 |     28 |      0 |    411 |   1 |  481.0 |
               +--------+--------+--------+--------+--------+-----+--------+

Top non-repeatable levels by time:
    D:14: 2373 daAuts
    D:10: 2074 daAuts
     D:7: 1908 daAuts
    D:12: 1908 daAuts
    D:13: 1869 daAuts
     D:1: 1725 daAuts
    D:11: 1588 daAuts
     D:2: 1399 daAuts
     D:4: 1381 daAuts
     D:9: 1313 daAuts
     D:5: 1281 daAuts
     D:8: 1023 daAuts
     D:3: 892 daAuts
     D:6: 608 daAuts
  Temple: 481 daAuts
